 Dungeon Crawl Stone Soup version 0.30-a0-605-gb2882149bf (webtiles) character file.

Game seed: 11055983904091845666

76 bande the Covered (level 4, -2/29 HPs)
             Began as a Gargoyle Fighter on Jan 8, 2023.
             Slain by an ogre
             ... wielding a +0 giant spiked club
              (10 damage)
             ... on level 3 of the Dungeon.
             The game lasted 00:03:41 (2265 turns).

bande the Covered (Gargoyle Fighter)                Turns: 2265, Time: 00:03:41

Health: -2/29      AC: 17    Str: 19    XL:     4   Next: 32%
Magic:  4/4        EV:  5    Int:  9    God:
Gold:   165        SH:  9    Dex: 11    Spells: 3/3 levels left

rFire   . . .      SeeInvis .    a - +1 war axe
rCold   . . .      Faith    .    x - +1 kite shield
rNeg    + . .      Spirit   .    n - +0 chain mail
rPois   ∞          Reflect  .    (no helmet)
rElec   +          Harm     .    (no cloak)
rCorr   .          Rampage  .    (no gloves)
Will    .....                    (no boots) Stlth
                                 (no amulet)
HPRegen 0.24/turn                h - +4 ring of protection
MPRegen 0.09/turn                (no ring)

@: no status effects
A: sickness immunity, AC +3, negative energy resistance 1, electricity
resistance, torment resistance 1, petrification resistance
a: no special abilities


You were on level 3 of the Dungeon.
You visited 1 branch of the dungeon, and saw 3 of its levels.

You collected 165 gold pieces.

Inventory:

Hand Weapons
 a - a +1 war axe (weapon)
 u - a +0 heavy flail
Armour
 n - a +0 chain mail (worn)
 x - a +1 kite shield (worn)
Jewellery
 f - a ring of magical power
 h - a +4 ring of protection (left hand)
 i - an amulet of magic regeneration
 v - a +6 ring of intelligence
Scrolls
 k - 2 scrolls of blinking
 o - a scroll of enchant armour
 y - 2 scrolls of enchant weapon
Potions
 b - 2 potions of attraction {unknown}
 d - a potion of might
 l - a potion of lignification {unknown}
 p - a potion of ambrosia {unknown}
 r - a potion of brilliance {unknown}
 t - 2 potions of magic {unknown}
 w - a potion of berserk rage {unknown}
 z - a potion of cancellation {unknown}


   Skills:
 + Level 3.7 Fighting
 + Level 2.7 Axes
 + Level 3.9 Armour
 - Level 0.2 Dodging
 + Level 0.2 Stealth
 + Level 3.8 Shields


You had 3 spell levels left.
You didn't know any spells.
Your spell library was empty.

Dungeon Overview and Level Annotations

Branches:
Dungeon (3/15)

Altars:

Shops:
D:3 (


Innate Abilities, Weirdness & Mutations

You are immune to sickness and miasma.
Your stone body is resilient. (AC +3)
You are immune to poison.
You resist negative energy. (rN+)
You are resistant to electric shocks. (rElec)
You are resistant to unholy torment.
You are immune to petrification.


Message History

The kobold is heavily wounded.
The kobold hits you but does no damage.
You miss the kobold.
The kobold is heavily wounded.
You block the kobold's attack. The kobold hits you but does no damage.
You closely miss the kobold.
The kobold is moderately wounded.
The kobold hits you but does no damage.
You hit the kobold.
You kill the kobold!
No target in view!
No target in view!
You see here a +0 dagger.
Found a hand axe.
You see here a +0 hand axe.
Found a leather armour.
You see here a +0 leather armour.
Found a cloak.
You see here a +0 cloak.
Found 7 stones.
No target in view!
You see here 7 stones.
b - 2 glowing grey potions An ogre comes into view.
It is wielding a +0 giant spiked club.
The ogre shouts!
You hit the ogre.
The ogre is lightly wounded.
The ogre hits you with a +0 giant spiked club.
You hit the ogre.
The ogre is lightly wounded.
The ogre hits you with a +0 giant spiked club!!
Ouch! That really hurt!
You hit the ogre.
The ogre is moderately wounded.
The ogre hits you with a +0 giant spiked club.
* * * LOW HITPOINT WARNING * * *
You hit the ogre.
The ogre is heavily wounded.
The ogre hits you with a +0 giant spiked club!
You die...

*** **,**
*********,*,*********
,>,,,,,,,***,,,,,,,,*
,********,*,*******,*
,,,,* **,** *,*
***,*** *** *,* *,,,*
###########.#
*,*,**#.......@O..#
*,.<,,........#####
###..,**#.###...#####
....#,* *,* #.......#
....#,***,* #...###.#
**..#,,,,,* #...# #.#
*..#**######...# #.#
##.#####........# #(#
.......#.##.##..# #.#


You could see an ogre.

Vanquished Creatures
  2 adders
  4 orcs (D:3)
  4 ball pythons (D:1)
  2 bats (D:2)
  3 endoplasms
  5 goblins
  6 hobgoblins
  6 jackals
  3 quokkas
  6 kobolds
  4 rats
45 creatures vanquished.

Notes
Turn   | Place    | Note
-------+----------+-------------------------------------------
     0 | D:1      | bande the Gargoyle Fighter began the quest for the Orb.
     0 | D:1      | Reached XP level 1. HP: 14/14 MP: 1/1
   240 | D:1      | Reached XP level 2. HP: 19/19 MP: 2/2
   947 | D:2      | Reached XP level 3. HP: 22/23 MP: 3/3
  1156 | D:2      | Identified the +1 robe "Luho" {rF+}
  1835 | D:3      | Found Kyanky's Weapon Boutique.
  1898 | D:3      | Reached XP level 4. HP: 29/29 MP: 4/4
  2260 | D:3      | Noticed an ogre
  2265 | D:3      | Slain by an ogre

Illustrated notes

Levels and vault maps discovered:
D:1:      dpeg_arrival_three_bigger_balls, layout_loops_corners
D:2:      layout_basic
D:3:      layout_loops_ring, serial_shops, nicolae_shop_statue_plus

Skill      XL: |  1  2 |
---------------+-------+-----
Axes           | 2 |  2.7
Fighting       | |  3.7
Armour         | |  3.9
Dodging        | |  0.2
Stealth        | |  0.2
Shields        | |  3.8

Action                   |  1- 3 |  4- 6 || total
-------------------------+-------+-------++-------
Melee: War axe           |   101 |    31 ||   132
  Use: Scroll            |       |    10 ||    10
Armor: Scale mail        |    27 |       ||    27
       Chain mail        |    40 |    15 ||    55
Dodge: Dodged            |    31 |     6 ||    37
Block: Buckler           |    19 |       ||    19
       Kite shield       |       |    10 ||    10

Table legend: (Time is in decaauts)
 A = Elapsed time spent in this place.
 B = Non-inter-level travel time spent in this place.
 C = Inter-level travel time spent in this place.
 D = Time resting spent in this place.
 E = Time spent auto-exploring this place.
 F = Levels seen in this place.
 G = Mean time per level.
                   A        B        C        D        E       F      G
               +--------+--------+--------+--------+--------+-----+--------+
         Total |   2324 |   2253 |     71 |      0 |   1782 |   3 |  774.7 |
       Dungeon |   2324 |   2253 |     71 |      0 |   1782 |   3 |  774.7 |
               +--------+--------+--------+--------+--------+-----+--------+

Top non-repeatable levels by time:
     D:1: 950 daAuts
     D:2: 875 daAuts
     D:3: 498 daAuts
